 Dungeon Crawl Stone Soup version 0.29-a0-275-g389c0b56f3 (webtiles) character file.

Game seed: 13483517552628083015

63 mopl the Twirler (level 3, 0/29 HPs)
             Began as a Palentonga Gladiator on Mar 9, 2022.
             Slain by a gnoll
             ... wielding a +0 club
              (6 damage)
             ... on level 2 of the Dungeon.
             The game lasted 00:01:54 (1841 turns).

mopl the Twirler (Palentonga Gladiator)             Turns: 1841, Time: 00:01:54

Health: 0/29       AC:  6    Str: 17    XL:     3   Next: 87%
Magic:  3/3        EV:  9    Int:  8    God:
Gold:   96         SH:  0    Dex: 13    Spells: 2/2 levels left

rFire   . . .      SeeInvis +   a - +0 quarterstaff
rCold   . . .      Faith    .   (shield currently unavailable)
rNeg    . . .      Spirit   .   n - +0 ring mail
rPois   +          Reflect  .   c - +0 helmet
rElec   .          Harm     .   (no cloak)
rCorr   .          Rampage  .   (no gloves)
Will    .....                   (no barding)
Stlth   +.........              (no amulet)
HPRegen 0.09/turn               g - ring of poison resistance
MPRegen 0.08/turn               (no ring)

@: no status effects
A: large, rugged brown scales 3, see invisible, deformed body, roll 1, armoured
tail
a: Rolling Charge


You were on level 2 of the Dungeon.
You visited 1 branch of the dungeon, and saw 2 of its levels.

You collected 96 gold pieces.

Inventory:

Hand Weapons
 a - a +0 quarterstaff (weapon)
Missiles
 d - 3 throwing nets (quivered)
 e - 3 javelins
 j - 2 poisoned darts
Armour
 c - a +0 helmet (worn)
 n - a +0 ring mail (worn)
Jewellery
 g - a ring of poison resistance (left hand)
Scrolls
 f - a scroll of noise {unknown}
 h - a scroll of amnesia {unknown}
 k - a scroll of summoning {unknown}
 l - a scroll of identify {unknown}
Potions
 i - a potion of degeneration {unknown}
 m - a potion of heal wounds {unknown}


   Skills:
 + Level 2.3 Fighting
 * Level 3.7 Staves
 + Level 1.9 Throwing
 + Level 1.0 Armour
 + Level 2.6 Dodging


You had 2 spell levels left.
You didn't know any spells.
Your spell library contained the following spells:

 Spells                   Type           Power      Damage    Failure   Level
 Pain                     Necr           0%         1d4       63%         1
 Agony                    Necr           0%         N/A       100%        5
 Excruciating Wounds      Necr           0%         N/A       100%        5


Dungeon Overview and Level Annotations

Branches:
Dungeon (2/15)

Altars:

Shops:
D:2 [


Innate Abilities, Weirdness & Mutations

You are completely covered in rugged brown scales. (AC +3, +7% HP)
You have supernaturally acute eyesight. (SInv)
Armour fits poorly on your strangely shaped body.
You can roll at nearby foes to attack.
You have a long armoured tail.


Message History

A gnoll is nearby!
A gnoll is nearby!
A gnoll is nearby!
A gnoll is nearby!
The gnoll hits you from afar with a +0 spear.
The gnoll hits you with a +0 spear.
You thump the gnoll!
Your tail-slap misses the gnoll.
The gnoll is almost dead.
The gnoll shouts!
You hit the gnoll.
You kill the gnoll!
The gnoll misses you.
Your Armour skill increases to level 1!
The gnoll hits you with a +0 halberd!
You hit the gnoll.
The gnoll is lightly wounded.
The gnoll barely misses you.
You closely miss the gnoll.
The gnoll is lightly wounded.
The gnoll hits you with a +0 halberd.
You barely miss the gnoll. You tail-slap the gnoll.
The gnoll is moderately wounded.
The gnoll hits you with a +0 halberd!
* * * LOW HITPOINT WARNING * * *
You are too injured to fight recklessly!
You are too injured to fight recklessly!
You are too injured to fight recklessly!
You are too injured to fight recklessly!
You are too injured to fight recklessly!
You are too injured to fight recklessly!
You are too injured to fight recklessly!
You are too injured to fight recklessly!
You are too injured to fight recklessly!
You are too injured to fight recklessly!
You are too injured to fight recklessly!
Unknown command.
The gnoll closely misses you. The gnoll hits you but does no damage.
The gnoll attacks as you move away! The gnoll hits you with a +0 club.
You die...

#..##..(,,****,,..,*,*********
#..#....,,,,,,,...**,*
#..#.##.#******..#**,*
#..#.##.#### *#.# *,#
...........#####.###.# ****
###..##.##...).......# *,,, #
#..##.##......g.######******,**
###.###.........g.......,,,,,,,,,
....# ##.#######@.#####,********,
###.####.# #<.......,,>,* *,
#.......# #..#####.***,* *,
#.#.##### #..# *,***,****, #.#.#
****#..# *,*,,,,,**, #.#.#
*,,,...# *,*,,,,,**, #.#.#
*,**##.# *,,,,,,,,,, #.#.# *,*
*.#** ***[,,,,*** *#.#.#* *,*
*,,,* *,,,,,*


You could see 2 gnolls.

Vanquished Creatures
  2 gnolls
  A worm (D:2)
  A dart slug (D:1)
  3 bats
  4 endoplasms
  A giant cockroach (D:2)
  6 goblins (D:1)
  A hobgoblin (D:2)
  A quokka (D:1)
  7 ball pythons
  2 frilled lizards
  4 kobolds
  5 rats
38 creatures vanquished.

Notes
Turn   | Place    | Note
-------+----------+-------------------------------------------
     0 | D:1      | mopl the Palentonga Gladiator began the quest for the Orb.
     0 | D:1      | Reached XP level 1. HP: 17/17 MP: 1/1
   324 | D:1      | Reached XP level 2. HP: 22/23 MP: 2/2
   528 | D:1      | Found a faded altar of an unknown god.
  1155 | D:2      | Reached XP level 3. HP: 27/28 MP: 3/3
  1224 | D:2      | Found Coxt's Armour Shop.
  1835 | D:2      | Reached skill level 1 in Armour
  1841 | D:2      | Slain by a gnoll

Illustrated notes

Levels and vault maps discovered:
D:1:      heliophobic_arrival_dark_side_of_the_moon, layout_loops_corners,
          serial_glass, glass_columns_c, glass_columns_a,
          dreamdust_ecumenical_altar_grove
D:2:      layout_loops_ring, serial_shops, shop

Skill      XL: |  1  2  3 |
---------------+----------+-----
Armour         | 1 |  1.0
Fighting       | |  2.3
Staves         | |  3.7
Throwing       | |  1.9
Dodging        | |  2.6

Action                   || total
-------------------------++-------
Melee: Quarterstaff      ||    83
       Tailslap          ||    12
Armor: Leather armour    ||    17
       Ring mail         ||     9
Dodge: Dodged            ||    40

Table legend: (Time is in decaauts)
 A = Elapsed time spent in this place.
 B = Non-inter-level travel time spent in this place.
 C = Inter-level travel time spent in this place.
 D = Time resting spent in this place.
 E = Time spent auto-exploring this place.
 F = Levels seen in this place.
 G = Mean time per level.
                   A        B        C        D        E       F      G
               +--------+--------+--------+--------+--------+-----+--------+
         Total |   1852 |   1776 |     76 |    207 |   1252 |   2 |  926.0 |
       Dungeon |   1852 |   1776 |     76 |    207 |   1252 |   2 |  926.0 |
               +--------+--------+--------+--------+--------+-----+--------+

Top non-repeatable levels by time:
     D:1: 1074 daAuts
     D:2: 777 daAuts
